 Dungeon Crawl Stone Soup version 0.28.0-1-gb440e238dd (webtiles) character file.

Game seed: 5599214978503742733

9443 DrunkBamboolord the Zephyrmancer (level 11, 0/54 HPs)
             Began as a Tengu Air Elementalist on Feb 27, 2022.
             Was a Priest of Vehumet.
             Killed by the air
             ... invoked by Gastronok
              (28 damage)
             ... on level 10 of the Dungeon.
             The game lasted 00:33:49 (12717 turns).

DrunkBamboolord the Zephyrmancer (TeAE)            Turns: 12717, Time: 00:33:50

Health: 0/54       AC:  3    Str:  9    XL:     11   Next: 46%
Magic:  6/26       EV: 19    Int: 20    God:    Vehumet [***...]
Gold:   617        SH:  5    Dex: 14    Spells: 7/30 levels left

rFire   . . .      SeeInvis +   r - +8 trident of the Octopus King {venom, rElec rPois}
rCold   . . .      Faith    .   (no shield)
rNeg    + . .      Spirit   .   E - +1 robe {rN+}
rPois   +          Reflect  +   (helmet restricted)
rElec   +          Harm     .   (no cloak)
rCorr   +          Rampage  .   (no gloves)
Will    .....                   (boots unavailable)
Stlth   ++........              a - amulet of reflection
HPRegen 0.18/turn               s - ring of see invisible
MPRegen 0.20/turn               G - ring of resist corrosion

@: flying quickly and evasively, studying Throwing, quick
A: beak, talons 3, nimble flight
a: Renounce Religion


You were on level 10 of the Dungeon.
You worshipped Vehumet.
Vehumet was most pleased with you.
You visited 2 branches of the dungeon, and saw 11 of its levels.
You also visited: Bailey.

You collected 617 gold pieces.

Inventory:

Hand Weapons
 r - the +8 trident of the Octopus King (weapon) {venom, rElec rPois}
   (You found it on level 4 of the Dungeon)

   It poisons the flesh of those it strikes.
   rElec:     It insulates you from electricity.
   rPois:     It protects you from poison.
Missiles
 I - 3 curare-tipped darts
Armour
 w - the +0 leather armour of Feasting {Fly rF- rN+ Int+6}
   (You found it on level 5 of the Dungeon)

   Int:       It affects your intelligence (+6).
   rF:        It makes you vulnerable to fire.
   rN:        It protects you from negative energy.
   Fly:       It grants you flight.
 E - a +1 robe of positive energy (worn)
 J - +0 acid dragon scales
Jewellery
 a - an amulet of reflection (around neck)
 s - a ring of see invisible (left hand)
 u - the ring "Gionol" {rPois rF+ Slay-3 SInv}
   (You found it on level 5 of the Dungeon)

   [ring of see invisible]

   Slay:      It affects your accuracy & damage with ranged weapons and melee
   (-3).
   rF:        It protects you from fire.
   rPois:     It protects you from poison.
   SInv:      It lets you see invisible.
 F - a +6 ring of dexterity
 G - a ring of resist corrosion (right hand)
Wands
 j - a wand of iceblast (28)
 t - a wand of acid (10)
 y - a wand of flame (15)
 D - a wand of polymorph (7)
 H - a wand of digging (5)
Scrolls
 b - 3 scrolls of enchant weapon
 c - 4 scrolls of teleportation
 f - 2 scrolls of vulnerability
 g - 4 scrolls of fear
 h - 4 scrolls of magic mapping
 l - a scroll of torment
 m - a scroll of fog
 v - a scroll of amnesia
 z - 4 scrolls of blinking
 B - a scroll of silence
 K - a scroll of enchant armour
 L - a scroll of summoning
 M - a scroll of immolation {unknown}
Potions
 d - 6 potions of might
 e - 2 potions of ambrosia
 i - 3 potions of mutation
 k - a potion of resistance {unknown}
 n - 6 potions of heal wounds
 o - 3 potions of curing
 p - 3 potions of haste
 q - 3 potions of lignification
 x - a potion of magic {unknown}
 A - 2 potions of brilliance
 C - 2 potions of flight {unknown}


   Skills:
 + Level 0.1 Fighting
 + Level 0.9 Polearms
 * Level 9.0 Dodging
 - Level 3.2 Stealth
 * Level 10.0 Spellcasting
 * Level 10.5 Conjurations
 * Level 0.2 Fire Magic
 * Level 13.4 Air Magic


You had 7 spell levels left.
You knew the following spells:

 Your Spells              Type           Power      Damage    Failure   Level
a - Shock                 Conj/Air       100%       1d9       1%          1
b - Static Discharge      Conj/Air       55%        N/A       1%          2
c - Airstrike             Air            29%        N/A       1%          4
d - Swiftness             Air            59%        N/A       1%          3
e - Fulminant Prism       Conj/Hex       15%        3d11      2%          4
f - Iskenderun's Mystic   Conj/Tloc      31%        2d8       2%          4
g - Fireball              Conj/Fire      15%        3d8       6%          5

Your spell library contained the following spells:

 Spells                   Type           Power      Damage    Failure   Level
 Mephitic Cloud           Conj/Pois/Air  42%        N/A       1%          3
 Conjure Flame            Conj/Fire      31%        6-21      1%          3
 Stone Arrow              Conj/Erth      62%        3d10      1%          3
 Ignite Poison            Fire/Tmut/Pois 10%        N/A       5%          3
 Olgreb's Toxic Radiance  Pois           10%        N/A       17%         4
 Lee's Rapid Deconstruct  Erth           5%         3d7*      41%         5
 Animate Armour           Summ/Erth      20%        N/A       56%         4
 Petrify                  Tmut/Erth      10%        N/A       56%         4
 Ozocubu's Refrigeration  Ice            5%         4d6       100%        7
 Ignition                 Fire           5%         3d4       100%        8
 Lehudib's Crystal Spear  Conj/Erth      15%        10d5      100%        8


Dungeon Overview and Level Annotations

Branches:
Dungeon (10/15)            Temple (1/1) D:5            Lair (0/6) D:9
    Orc (0/2) D:9          Bailey (visited)

Altars:
Ashenzari
Cheibriados
Dithmenos
Elyvilon
Fedhas
Gozag
Hepliaklqana
Kikubaaqudgha
Makhleb
Nemelex Xobeh
Okawaru
Qazlal
Ru
Sif Muna
Trog
Uskayaw
Vehumet
Wu Jian
Xom
Yredelemnul
Zin
The Shining One

Shops:
D:9 !

Annotations:
D:10 Gastronok


Innate Abilities, Weirdness & Mutations

You have a beak for a mouth.
You have claws for feet.
Your magical nature lets you fly swiftly and evasively.


Message History

You don't have enough magic to cast this spell.
The bat misses you. The bat hits you.
You see here 14 stones.
The bat misses you. You block the bat's attack.
You puncture the bat!
You kill the bat!
The bat's corpse disappears in a puff of smoke!
Aiming: Airstrike (safe; 1% risk of failure)
Press: ? - help, Q - select action, (/) - cycle Dir - move target, f/p - Gastronok
Aim: Gastronok, wearing a +2 hat of intelligence (heavily wounded, empty space bonus: 4/8)
The air twists around and strikes Gastronok!
Gastronok is heavily wounded.
You don't have enough magic to cast this spell.
You don't have enough magic to cast this spell.
Casting: Airstrike (safe; 1% risk of failure)
Confirm with . or Enter, or press ? or * to list all spells.
Aiming: Shock (safe; 1% risk of failure)
Press: ? - help, Shift-Dir - straight line, f/p - Gastronok
Aim: Gastronok, wearing a +2 hat of intelligence (heavily wounded, 100% to hit)
The zap hits Gastronok.
Gastronok is heavily wounded.
Unknown command.
You feel yourself speed up.
Gastronok waves his eye-stalks in wide circles.
The air twists around and strikes you!!
Ouch! That really hurt!
There is a stone staircase leading down here.
You start resting.
Gastronok is nearby!
Aiming: Airstrike (safe; 1% risk of failure)
Press: ? - help, Q - select action, (/) - cycle Dir - move target, f/p - Gastronok
Aim: Gastronok, wearing a +2 hat of intelligence (heavily wounded, empty space bonus: 7/8)
The air twists around and strikes Gastronok!!
Gastronok is heavily wounded.
Gastronok waves his eye-stalks in wide circles.
The air twists around and strikes you!!
Ouch! That really hurt!
You die...

....#
#.###........>...#
.##.##
#.##...##.######.#
.....# #.#..#..#.# #.#
.##..###...###...# #.#
..........## #.#.# #.#
)##..#####.###...# #(#
.##..# ##.#.._.# #.#
.##..# ##.#รท..# #.#
.##..# ##....#@# #.#
.....# ##.......# ##w#
####.# ##...(..w## #).#
#.###.........####..)#
#...'.........'.......
#.###.........####w..##
#.# ##.......## #..##
#.# ##.....## #.#
####.# ##...## #.


You could see Gastronok.

Vanquished Creatures
  An orc warlord (Bailey)
  An orc knight (Bailey)
  2 centaur zombies
  Sigmund (D:6)
  A centaur simulacrum (D:10)
  A shadow (D:10)
  11 yaks
  2 wyverns
  2 steam dragons
  Edmund (D:6)
  2 acid dragons (D:10)
  A water moccasin (D:5)
  3 orc warriors
  2 necrophages (D:5)
  An ogre (D:4)
  2 ice beasts
  A centaur (D:9)
  A phantom (D:4)
  2 kobold brigands (D:7)
  A gnoll sergeant (D:7)
  A scorpion (D:6)
  2 bullfrogs (D:6)
  6 killer bees (D:7)
  2 centaur skeletons
  4 orc priests
  3 hounds
  2 jellies
  Jessica (D:2)
  4 iguanas
  9 orc wizards
  5 gnolls (D:7)
  7 adders
  A white imp (D:8)
  2 ufetubi
  4 worms
  3 dart slugs
  35 orcs
  4 ball pythons
  5 bats
  6 endoplasms
  5 giant cockroaches
  9 goblins
  7 hobgoblins
  2 jackals (D:1)
  4 quokkas
  2 frilled lizards (D:1)
  20 kobolds
  7 rats
201 creatures vanquished.

Vanquished Creatures (others)
  4 fulminant prisms
4 creatures vanquished.

Grand Total: 205 creatures vanquished

Notes
Turn   | Place    | Note
-------+----------+-------------------------------------------
     0 | D:1      | DrunkBamboolord the Tengu Air Elementalist began the quest
                  | for the Orb.
     0 | D:1      | Reached XP level 1. HP: 10/10 MP: 4/4
   340 | D:1      | Reached XP level 2. HP: 15/15 MP: 4/6
   343 | D:1      | Learned a level 2 spell: Static Discharge
  1129 | D:2      | Noticed Jessica
  1133 | D:2      | Killed Jessica
  1134 | D:2      | Reached skill level 5 in Air Magic
  1134 | D:2      | Reached XP level 3. HP: 19/19 MP: 2/7
  1181 | D:2      | Found a faded altar of an unknown god.
  1373 | D:2      | Reached XP level 4. HP: 24/24 MP: 3/8
  1378 | D:2      | Learned a level 4 spell: Airstrike
  2789 | D:3      | Gained mutation: Your magical nature lets you fly swiftly
                  | and evasively. [Tengu growth]
  2789 | D:3      | Reached XP level 5. HP: 28/28 MP: 5/10
  2793 | D:3      | Learned a level 3 spell: Swiftness
  2830 | D:3      | Found an iron altar of Okawaru.
  3120 | D:4      | Noticed an ogre
  3138 | D:4      | Killed an ogre
  3218 | D:4      | Reached XP level 6. HP: 32/32 MP: 9/12
  3310 | D:4      | Found a burning altar of Makhleb.
  3389 | D:4      | Found a stormy altar of Qazlal.
  3670 | D:4      | Reached skill level 6 in Air Magic
  4192 | D:4      | Found an ornate altar of the Wu Jian Council.
  4198 | D:4      | Found the +8 trident of the Octopus King {venom, rElec
                  | rPois}
  4241 | D:5      | Entered Level 5 of the Dungeon
  4244 | D:5      | Noticed an ice beast
  4253 | D:5      | Killed an ice beast
  4254 | D:5      | Reached XP level 7. HP: 26/36 MP: 1/14
  4484 | D:5      | Reached skill level 5 in Conjurations
  4484 | D:5      | Reached skill level 7 in Air Magic
  4575 | D:5      | Found a staircase to the Ecumenical Temple.
  4589 | Temple   | Entered the Ecumenical Temple
  4795 | Temple   | Became a worshipper of Vehumet
  4833 | D:5      | Identified the ring "Gionol" {rPois rF+ Slay-3 SInv}
  5053 | D:5      | Found a broken altar of Ashenzari.
  5066 | D:5      | Reached skill level 5 in Spellcasting
  5109 | D:5      | Reached XP level 8. HP: 41/41 MP: 12/16
  5163 | D:5      | Found a white marble altar of Elyvilon.
  5197 | D:5      | Identified the +0 leather armour of Feasting {Fly rF- rN+
                  | Int+6}
  5206 | D:5      | Noticed a wyvern
  5215 | D:5      | Killed a wyvern
  5527 | D:6      | Noticed Edmund
  5535 | D:6      | Killed Edmund
  5536 | D:6      | Reached skill level 8 in Air Magic
  5803 | D:6      | Noticed Sigmund
  5819 | D:6      | Killed Sigmund
  6052 | D:6      | You are sucked into a shaft and drop 1 floor!
  6070 | D:7      | Found a blossoming altar of Fedhas.
  6276 | D:7      | Reached skill level 9 in Air Magic
  6276 | D:7      | Reached XP level 9. HP: 35/45 MP: 3/19
  6276 | D:7      | Reached * piety under Vehumet
  6276 | D:7      | Offered knowledge of Freeze by Vehumet.
  6361 | D:7      | Found a flagged portal.
  6435 | Bailey   | Entered a bailey
  6506 | Bailey   | Noticed an orc warlord
  6540 | Bailey   | Noticed an orc knight
  6572 | Bailey   | Killed an orc knight
  6573 | Bailey   | Reached skill level 5 in Dodging
  6971 | Bailey   | Found a runed translucent gate.
  6971 | Bailey   | Found a runed translucent gate.
  6986 | Bailey   | Found a runed translucent gate.
  7038 | Bailey   | Got the Almanac of Clay and the Volcanoes
  7193 | Bailey   | Reached skill level 10 in Conjurations
  7193 | Bailey   | Reached skill level 12 in Air Magic
  7193 | Bailey   | Reached XP level 10. HP: 50/50 MP: 20/23
  7280 | Bailey   | Killed an orc warlord
  7531 | D:7      | Found a hazy altar of Hepliaklqana.
  7952 | D:6      | Learned a level 4 spell: Fulminant Prism
  7957 | D:6      | Learned a level 4 spell: Iskenderun's Mystic Blast
  8318 | D:7      | Reached ** piety under Vehumet
  8318 | D:7      | Offered knowledge of Poisonous Vapours by Vehumet.
  8978 | D:8      | Reached XP level 11. HP: 12/54 MP: 9/25
 10501 | D:9      | Found Tosyilom's Distillery.
 10581 | D:9      | Found a staircase to the Orcish Mines.
 10616 | D:9      | Offered knowledge of Mephitic Cloud by Vehumet.
 10647 | D:9      | Reached skill level 13 in Air Magic
 11339 | D:9      | Found a staircase to the Lair.
 11353 | D:9      | Reached *** piety under Vehumet
 11903 | D:9      | Learned a level 5 spell: Fireball
 11955 | D:10     | Entered Level 10 of the Dungeon
 12023 | D:10     | Reached skill level 10 in Spellcasting
 12528 | D:10     | Found a shadowy altar of Dithmenos.
 12563 | D:10     | Identified the +0 dagger "Liadonah" {vorpal, Dex+4}
 12650 | D:10     | Noticed Gastronok
 12717 | D:10     | Killed from afar by Gastronok

Illustrated notes

Levels and vault maps discovered:
D:1:      mrwooster_arrival_arrow, layout_rooms, chequers_serial_rivers_micro_d
D:2:      layout_loops_ring, basic_ecumenical_altar, hangedman_decor_growths,
          uniq_jessica
D:3:      layout_rooms, nicolae_overflow_crystal_walls,
          kennysheep_generic_room_6
D:4:      layout_cave_pools, makhleb_heckhound_becter,
          nicolae_wu_jian_glorious_leap, serial_park, serial_park_fountain,
          serial_park_tiny_pond, serial_park_square2
D:5:      layout_cave_pools, old_standard_altar, lemuel_crystal_altar,
          minmay_temple_entry_water_ring, chequers_serial_rivers_room_a
D:6:      layout_loops_cross, uniq_edmund, uniq_sigmund
D:7:      layout_loops_corners, general_overflow_altar, lemuel_tele_altar,
          enter_bailey_3, nicolae_figureground_sparkle
D:8:      layout_loops_cross
D:9:      layout_basic, lair_entry_dummy, david_orc_2, serial_shops,
          nicolae_shop_advertising_works [nicolae_subvault_shop_adworks],
          amcnicky_mini_pool_small
D:10:     layout_loops_corners, mainiacjoe_overflow_tiny_flanked,
          chequers_serial_rivers_micro_b, uniq_gastronok, uniq_joseph
Temple:   dpeg_chambers_temple

Skill      XL: |  1  2  3  4  5  6  7  8  9 10 11 |
---------------+----------------------------------+-----
Conjurations   | 2 3 4 5 6 10 | 10.5
Air Magic      | 5 6 7 9 12 13 | 13.4
Spellcasting   | 3 4 5 6 8 9 10 | 10.0
Dodging        | 3 4 8 9 |  9.0
Stealth        | 3 |  3.2
Fighting       | |  0.1
Polearms       | |  0.9
Fire Magic     | |  0.2

Action                   |  1- 3 |  4- 6 |  7- 9 | 10-12 || total
-------------------------+-------+-------+-------+-------++-------
Melee: Unarmed           |     7 |     2 |       |       ||     9
       Peck              |     1 |     1 |     9 |    16 ||    27
       Kick              |       |     1 |    12 |    30 ||    43
       Trident           |       |     1 |    81 |   104 ||   186
       Punch             |       |       |       |     2 ||     2
 Cast: Shock             |    59 |    91 |    36 |    18 ||   204
       Static Discharge  |       |    24 |    11 |     6 ||    41
       Airstrike         |       |     4 |    19 |    76 ||    99
       Swiftness         |       |     1 |       |       ||     1
       Fulminant Prism   |       |       |       |     4 ||     4
       Iskenderun's Myst |       |       |       |     1 ||     1
Evoke: Wand              |       |       |       |     1 ||     1
  Use: Scroll            |     4 |     2 |     8 |    11 ||    25
       Potion            |       |       |     1 |       ||     1
 Stab: Sleeping          |       |       |     1 |     2 ||     3
Armor: Robe              |     3 |     4 |     8 |    10 ||    25
Dodge: Dodged            |    10 |    23 |   100 |    77 ||   210
Block: Other             |       |       |       |     1 ||     1
